 Dungeon Crawl Stone Soup version 0.31-a0-819-gf6de2f5ab6 (webtiles) character file.

Game seed: 11711347561622177980

112 qw the Shooter (level 4, -1/28 HPs)
             Began as a Gargoyle Hunter on Sept 23, 2023.
             Slain by a gnoll
             ... wielding a +0 spear
              (4 damage)
             ... on level 3 of the Dungeon.
             The game lasted 00:00:34 (1305 turns).

qw the Shooter (Gargoyle Hunter)                    Turns: 1305, Time: 00:00:34

Health: -1/28      AC:  8    Str: 15    XL:     4   Next: 95%
Magic:  4/4        EV: 11    Int:  9    God:
Gold:   103        SH:  0    Dex: 15    Spells: 3/3 levels left

rFire   . . .        Y - +0 shortbow
rCold   . . .        (shield currently unavailable)
rNeg    + . .        b - +0 ring mail
rPois   inf          (no helmet)
rElec   +            (no cloak)
rCorr   .            (no gloves)
SInv    .            (no boots)
Will    .....        (no amulet)
Stlth   +            (no ring)
HPRegen 0.24/turn    (no ring)
MPRegen 0.09/turn

%: no passive effects
@: no status effects
A: sickness immunity, AC +3, negative energy resistance 1, electricity
resistance, torment resistance 1, petrification resistance
a: no special abilities


You were on level 3 of the Dungeon.
You visited 1 branch of the dungeon, and saw 3 of its levels.

You collected 103 gold pieces.


Innate Abilities, Weirdness & Mutations

You are immune to sickness and miasma.
Your stone body is resilient. (AC +3)
You are immune to poison.
You resist negative energy. (rN+)
You are resistant to electric shocks. (rElec)
You are resistant to unholy torment.
You are immune to petrification.


   Skills:
 - Level 3.0 Fighting
 + Level 5.6 Ranged Weapons
 - Level 1.0 Armour
 - Level 1.5 Dodging
 - Level 1.1 Stealth


You had 3 spell levels left.
You didn't know any spells.
Your spell library was empty.

Inventory:

Hand Weapons
 Y - a +0 shortbow (weapon)
Armour
 b - a +0 ring mail (worn)
Potions
 a - a potion of berserk rage {unknown}
 d - a potion of attraction {unknown}
 e - a potion of resistance {unknown}

Dungeon Overview and Level Annotations

Branches:
Dungeon (3/15)

Altars:

Shops:
D:2 (


Message History

A gnoll comes into view. It is wielding a +0 flail.
The gnoll shouts!
You shoot an arrow. The arrow hits the gnoll.
The gnoll is moderately wounded.
A gnoll comes into view. It is wielding a +0 whip.
You shoot an arrow. The arrow hits the gnoll.
The gnoll is heavily wounded.
You hear a shout!
Enter note:
1297 |||
Found retreat position at 0,2 (floor) with 0 blocking monsters and 1 monsters attacking at destination at distance 2
Enter note:
1297 ||| Stepping ~*~*~tactically~*~*~ (retreating).
The gnoll attacks as it pursues you! The gnoll closely misses you.
You shoot an arrow. The arrow hits the gnoll!
You kill the gnoll!
You shoot an arrow.
The arrow hits the gnoll but does no damage.
The gnoll hits you with a +0 flail!
A gnoll comes into view. It is wielding a +0 spear.
Enter note: You shoot an arrow.
The arrow barely misses the gnoll.
The arrow hits the gnoll!
The gnoll is severely wounded.
The gnoll barely misses you. x2
You shoot an arrow. The arrow closely misses the gnoll.
The arrow hits the gnoll!
You kill the gnoll!
The gnoll hits you from afar with a +0 spear.
The gnoll hits you with a +0 flail!
You shoot an arrow. The arrow closely misses the gnoll.
The gnoll closely misses you. The gnoll hits you but does no damage.
You shoot an arrow. The arrow closely misses the gnoll.
The gnoll barely misses you. The gnoll closely misses you. x2
The gnoll hits you with a +0 flail.
You shoot an arrow. The arrow hits the gnoll.
The gnoll is moderately wounded.
The gnoll hits you from afar with a +0 spear.
The gnoll closely misses you.
You shoot an arrow. The arrow closely misses the gnoll.
The gnoll hits you from afar with a +0 spear.
You die...

### ..#
###..##
..... #
....#.###
#.......#
#)g..g..#
# #g# #.
#@#
#.#####.#
#.......#
##......#
#.#.##.#
#.#.##.#
#..#.#.#
..
#.#..#.#
..#
#.##.#.#
..# #


You could see 2 gnolls.

Vanquished Creatures
  2 gnolls (D:3)
  5 adders (D:2)
  A dart slug (D:2)
  3 bats
  5 endoplasms
  4 hobgoblins
  4 jackals (D:2)
  2 quokkas (D:1)
  8 ball pythons
  A frilled lizard (D:1)
  8 kobolds
  5 rats
48 creatures vanquished.

Notes
Turn   | Place    | Note
-------+----------+-------------------------------------------
     0 | D:1      | qw the Gargoyle Hunter began the quest for the Orb.
     0 | D:1      | Reached XP level 1. HP: 12/12 MP: 1/1
     0 | D:1      | 0 ||| qw: Version: 0.3-a-83-gcd0e7d8
     0 | D:1      | 0 ||| qw: Game counter: 1761
     0 | D:1      | 0 ||| qw: Melee chars always use a shield: true
     0 | D:1      | 0 ||| qw: God list: Okawaru
     0 | D:1      | 0 ||| qw: Allow faded altars: false
     0 | D:1      | 0 ||| qw: Do Orc after clearing Dungeon:15 true
     0 | D:1      | 0 ||| qw: Do second Lair branch before Depths: true
     0 | D:1      | 0 ||| qw: Lair rune preference: random
     0 | D:1      | 0 ||| qw: Goals: Normal
     0 | D:1      | 0 ||| PLANNING D:1-11
   115 | D:1      | Reached XP level 2. HP: 17/17 MP: 2/2
   321 | D:1      | Reached XP level 3. HP: 21/21 MP: 3/3
   423 | D:1      | Found a faded altar of an unknown god.
   498 | D:1      | 498 ||| READING scroll labelled OKHAMM KULLULL.
   499 | D:1      | 499 ||| DROPPING scroll of butterflies.
   576 | D:2      | Reached skill level 5 in Ranged Weapons
   718 | D:2      | Found Zuefurphi's Weapon Emporium.
   738 | D:2      | Reached skill level 3 in Fighting
   823 | D:2      | Reached XP level 4. HP: 27/28 MP: 4/4
   841 | D:2      | 841 ||| UPGRADING to +0 ring mail.
   860 | D:2      | Reached skill level 1 in Armour
   860 | D:2      | 860 ||| DROPPING +0 leather armour.
  1179 | D:2      | 1179 ||| READING scroll labelled XOIPELAHUA.
  1297 | D:3      | 1297 ||| Stepping ~*~*~tactically~*~*~ (retreating).
  1301 | D:3      | HP: 7/28 [gnoll/+0 flail (7)]
  1303 | D:3      | HP: 3/28 [gnoll/+0 flail (5)]
  1305 | D:3      | Slain by a gnoll

Levels and vault maps discovered:
D:1:      minmay_arrival_diagonal_passages, layout_rooms,
          chequers_ecumenical_altar_grove
D:2:      minmay_evil_eye, layout_loops_cross, serial_shops,
          nicolae_shop_behind_doors, serial_glass, glass_columns_b,
          glass_columns_c
D:3:      layout_loops_cross, nicolae_ru_the_path_less_chosen, nrook_uturn

Skill      XL: |  1  2  3  4 |
---------------+-------------+-----
Ranged Weapons | 5 |  5.6
Fighting       | 3 |  3.0
Armour         | 1 |  1.0
Dodging        | |  1.5
Stealth        | |  1.1

Action                     |  1- 3 |  4- 6 || total
---------------------------+-------+-------++-------
   Fire: Shortbow          |   104 |    49 ||   153
    Use: Scroll            |     1 |     1 ||     2
 Armour: Leather armour    |    24 |       ||    24
         Ring mail         |       |    28 ||    28
  Dodge: Dodged            |    18 |    31 ||    49

Table legend:
 A = Non-vault XP
 B = Vault XP
 C = Vault XP percentage of total XP
 D = Non-vault monster count
 E = Vault monster count
 F = Vault count percentage of total count
                 A         B        C        D         E       F
            +---------+---------+-------+---------+---------+-------
      Total |     137 |      24 |  14.9 |      42 |       6 |  12.5
            +---------+---------+-------+---------+---------+-------
        D:1 |      37 |       0 |   0.0 |      25 |       0 |   0.0
        D:2 |      70 |      24 |  25.5 |      14 |       6 |  30.0
        D:3 |      30 |       0 |   0.0 |       3 |       0 |   0.0
            +---------+---------+-------+---------+---------+-------
